 Dungeon Crawl Stone Soup version 0.32-a0-172-gc5dd13f2a7 (webtiles) character file.

Game seed: 15411337466156922153

80 retardedninja the Firebug (level 4, 0/26 HPs)
             Began as a Gargoyle Fire Elementalist on Feb 12, 2024.
             Constricted to death by Ijyb (7 damage)
             ... on level 3 of the Dungeon.
             The game lasted 00:03:24 (2820 turns).

retardedninja the Firebug (GrFE)                    Turns: 2820, Time: 00:03:25

Health: 0/26       AC:  6    Str: 12    XL:     4   Next: 39%
Magic:  1/7        EV: 14    Int: 17    God:
Gold:   127        SH:  0    Dex: 10    Spells: 5/8 levels left

rFire   . . .        i - +0 war axe
rCold   . . .        (no shield)
rNeg    + . .        a - +0 robe
rPois   ∞            (no helmet)
rElec   +            (no cloak)
rCorr   .            c - +0 pair of gloves {Stlth+}
SInv    .            (no boots)
Will    .....        (no amulet)
Stlth   +++          f - +5 ring of evasion
HPRegen 0.24/turn    (no ring)
MPRegen 0.10/turn

%: no passive effects
@: grasped by roots, constricted
A: sickness immunity, AC +3, negative energy resistance 1, electricity
resistance, torment resistance 1, petrification resistance
a: no special abilities


You were on level 3 of the Dungeon.
You visited 1 branch of the dungeon, and saw 3 of its levels.

You collected 127 gold pieces.

Inventory:

Hand Weapons
 i - a +0 war axe (weapon)
Armour
 a - a +0 robe (worn)
 c - a +0 pair of gloves of stealth (worn)
 q - a +0 pair of boots
Jewellery
 b - a ring of willpower
 f - a +5 ring of evasion (left hand)
 j - a +6 ring of intelligence
 m - an amulet of the acrobat
 n - a ring of protection from cold
 o - a ring of willpower
Scrolls
 d - 3 scrolls of identify {unknown}
 g - a scroll of amnesia {unknown}
 h - 4 scrolls of vulnerability {unknown}
 s - 2 scrolls of enchant armour {unknown}
 t - a scroll of immolation {unknown}
Potions
 e - a potion of berserk rage {unknown}
 k - 3 potions of mutation {unknown}
 l - 2 potions of curing {unknown}
 p - a potion of haste {unknown}
 r - a potion of attraction {unknown}


   Skills:
 + Level 1.6 Fighting
 - Level 1.7 Dodging
 - Level 2.4 Stealth
 + Level 2.6 Spellcasting
 + Level 2.3 Conjurations
 + Level 3.5 Fire Magic


You had 5 spell levels left.
You knew the following spells:

 Your Spells              Type           Power      Damage    Failure   Level
a - Foxfire               Conj/Fire      48%        2x1d6     5%          1
b - Scorch                Fire           28%        2d6       6%          2

Your spell library contained the following spells:

 Spells                   Type           Power      Damage    Failure   Level
 Inner Flame              Hex/Fire       8%         N/A       26%         3
 Volatile Blastmotes      Fire/Tloc      16%        2d11      26%         3
 Flame Wave               Conj/Fire      12%        2d6       47%         4
 Tukima's Dance           Hex            2%         N/A       50%         3
 Iskenderun's Mystic Bla  Conj/Tloc      6%         2d4       75%         4
 Dimensional Bullseye     Hex/Tloc       1%         N/A       88%         4


Dungeon Overview and Level Annotations

Branches:
Dungeon (3/15)

Altars:
Sif Muna
Zin

Shops:
D:3 !

Annotations:
D:3 Ijyb


Innate Abilities, Weirdness & Mutations

You are immune to sickness and miasma.
Your stone body is resilient. (AC +3)
You are immune to poison.
You resist negative energy. (rN+)
You are resistant to electric shocks. (rElec)
You are resistant to unholy torment.
You are immune to petrification.


Message History

Ijyb is nearby!
Ijyb is nearby!
You conjure some foxfire!
The foxfire hits Ijyb but does no damage.
You conjure some foxfire!
You conjure some foxfire!
Ijyb is nearby!
Ijyb is nearby!
Casting: Foxfire (safe; 5% risk of failure)
Confirm with . or Enter, or press ? or * to list all spells.
Flames lash Ijyb but do no damage.
Your foxfire dissipates!
The foxfire hits Ijyb but does no damage.
Ijyb screams, "Me am play god!"
Ijyb hits you with a +0 club.
Casting: Scorch (safe; 6% risk of failure)
Confirm with . or Enter, or press ? or * to list all spells.
Flames lash Ijyb but do no damage.
Ijyb zaps a wand.
The roots erupt in riotous growth!
The grasping roots grab you!
Ijyb is unaffected.
The grasping roots constrict you.
Unknown command.
Casting: Scorch (safe; 6% risk of failure)
Confirm with . or Enter, or press ? or * to list all spells.
You don't have enough magic to cast this spell.
Unknown command.
Casting: Scorch (safe; 6% risk of failure)
Confirm with . or Enter, or press ? or * to list all spells.
You don't have enough magic to cast this spell.
You escape the roots grasp.
Found Feoxeos's Distillery.
Ijyb misses you.
You hit Ijyb but do no damage. Ijyb hits you with a +0 club.
You hit Ijyb but do no damage.
Ijyb zaps a wand.
The roots erupt in riotous growth!
The grasping roots grab you!
Ijyb is unaffected.
The grasping roots constrict you! Ijyb misses you.
The grasping roots constrict you.
* * * LOW HITPOINT WARNING * * *
You closely miss Ijyb. Ijyb misses you. The grasping roots constrict you!
You die...
Ijyb screams, "Good help so hard to find!"

#.. ... #.#
#.# ### #.#
.... #.#
.....##.###
#####
......g@..#
#....
......#.#.#
#.... ∩..##
#.# # #....
....#.#.#
#...# #.#.
#..#.#.# #...#
#...#.#..#.#.#
#...#
......#..#.#.#
#....#...#...#
.....#..#.#.#
#....#...#...#
......#.#.#
#....#...#...#


You could see Ijyb.

Vanquished Creatures
  Jessica (D:2)
  An adder (D:2)
  A ribbon worm (D:2)
  2 orcs (D:3)
  5 endoplasms (D:1)
  A giant cockroach (D:1)
  6 goblins
  A hobgoblin (D:2)
  2 kobolds
  2 quokkas
  5 ball pythons
  6 bats
  3 frilled lizards
  4 rats
40 creatures vanquished.

Vanquished Creatures (others)
  176 foxfires
176 creatures vanquished.

Grand Total: 216 creatures vanquished

Notes
Turn   | Place    | Note
-------+----------+-------------------------------------------
     0 | D:1      | retardedninja the Gargoyle Fire Elementalist began the
                  | quest for the Orb.
     0 | D:1      | Reached XP level 1. HP: 10/10 MP: 3/3
   394 | D:1      | Reached XP level 2. HP: 15/15 MP: 1/5
   445 | D:1      | Learned a level 2 spell: Scorch
  1310 | D:2      | Reached skill level 1 in Fighting
  1310 | D:2      | Reached XP level 3. HP: 20/20 MP: 3/6
  1447 | D:2      | Found a shimmering blue altar of Sif Muna.
  1702 | D:2      | Identified the +1 leather armour "Conaliluwe" {Regen+
                  | Slay+5}
  1939 | D:2      | Noticed Jessica
  1947 | D:2      | Killed Jessica
  1948 | D:2      | Reached XP level 4. HP: 25/25 MP: 0/7
  2699 | D:3      | Found a glowing silver altar of Zin.
  2808 | D:3      | Noticed Ijyb
  2817 | D:3      | Found Feoxeos's Distillery.
  2820 | D:3      | Constricted to death by Ijyb

Illustrated notes

Levels and vault maps discovered:
D:1:      dpeg_arrival_pits, layout_basic
D:2:      layout_basic, basic_altar, st_stairs_12, uniq_jessica
D:3:      layout_basic, old_standard_altar, serial_shops, shop,
          kennysheep_generic_room_11, uniq_ijyb

Skill      XL: |  1  2  3 |
---------------+----------+-----
Fighting       | 1 |  1.6
Conjurations   | 2 |  2.3
Dodging        | |  1.7
Stealth        | |  2.4
Spellcasting   | |  2.6
Fire Magic     | |  3.5

Action                     |  1- 3 |  4- 6 || total
---------------------------+-------+-------++-------
  Melee: Unarmed           |     2 |       ||     2
         War axe           |    11 |     3 ||    14
   Cast: Foxfire           |    72 |    35 ||   107
         Scorch            |     4 |     2 ||     6
    Use: Potion            |     1 |       ||     1
 Armour: Robe              |    11 |     5 ||    16
  Dodge: Dodged            |    41 |     9 ||    50

Table legend: (Time is in decaauts)
 A = Elapsed time spent in this place.
 B = Non-inter-level travel time spent in this place.
 C = Inter-level travel time spent in this place.
 D = Time resting spent in this place.
 E = Time spent auto-exploring this place.
 F = Levels seen in this place.
 G = Mean time per level.
                   A        B        C        D        E       F      G
               +--------+--------+--------+--------+--------+-----+--------+
         Total |   2826 |   2751 |     75 |      0 |   2347 |   3 |  942.0 |
       Dungeon |   2826 |   2751 |     75 |      0 |   2347 |   3 |  942.0 |
               +--------+--------+--------+--------+--------+-----+--------+

Top non-repeatable levels by time:
     D:1: 1291 daAuts
     D:2: 995 daAuts
     D:3: 538 daAuts
